 Dungeon Crawl Stone Soup version 0.30.0-29-ga12c61a403 (webtiles) character file.

Game seed: 10573579514504674402

11 Irreverend the Trooper (level 2, 0/32 HPs)
             Began as an Ogre Fighter on June 3, 2023.
             Slain by a bat (1 damage)
             ... on level 1 of the Dungeon.
             The game lasted 00:00:19 (38 turns).

Irreverend the Trooper (Ogre Fighter)                 Turns: 38, Time: 00:00:20

Health: 0/32       AC:  3    Str: 19    XL:     2   Next: 25%
Magic:  2/2        EV:  8    Int:  9    God:
Gold:   0          SH:  7    Dex:  8    Spells: 1/1 levels left

rFire   . . .        a - +0 flail
rCold   . . .        c - +0 kite shield
rNeg    . . .        b - +0 robe
rPois   .            (helmet restricted)
rElec   .            (no cloak)
rCorr   .            (gloves unavailable)
SInv    .            (boots unavailable)
Will    .....        (no amulet)
Stlth   +            (no ring)
HPRegen 0.25/turn    (no ring)
MPRegen 0.08/turn

%: no passive effects
@: no status effects
A: large, unfitting armour, tough skin 1
a: no special abilities


You were on level 1 of the Dungeon.
You visited 1 branch of the dungeon, and saw 1 of its levels.

Inventory:

Hand Weapons
 a - a +0 flail (weapon)
Armour
 b - a +0 robe (worn)
 c - a +0 kite shield (worn)
Potions
 d - a potion of might


   Skills:
 + Level 4.2 Fighting
 * Level 2.1 Maces & Flails
 + Level 2.8 Dodging
 + Level 3.1 Shields


You had one spell level left.
You didn't know any spells.
Your spell library was empty.

Dungeon Overview and Level Annotations

Branches:
Dungeon (1/15)

Altars:


Innate Abilities, Weirdness & Mutations

You are too large for most types of armour.
You have tough skin. (AC +1)


Message History

You block the bat's attack. x2; The jackal barely misses you.
You hit the jackal but do no damage. The bat hits you but does no damage.
The jackal bites you.
* * * LOW HITPOINT WARNING * * *
You block the jackal's attack. The jackal barely misses you.
The bat barely misses you. You block the jackal's attack.
The jackal closely misses you.
You hit the jackal but do no damage. The bat closely misses you.
You block the jackal's attack. x2; The bat barely misses you.
The jackal bites you.
* * * LOW HITPOINT WARNING * * *
You closely miss the jackal.
The jackal is moderately wounded.
You block the bat's attack. The jackal closely misses you.
The jackal bites you.
* * * LOW HITPOINT WARNING * * *
You block the jackal's attack. The bat hits you but does no damage.
The dart slug bites you but does no damage.
The jackal barely misses you.
You hit the jackal but do no damage.
The jackal is moderately wounded.
The bat hits you but does no damage. The jackal bites you.
* * * LOW HITPOINT WARNING * * *
You block the jackal's attack.
The jackal bites you but does no damage.
The dart slug bites you.
* * * LOW HITPOINT WARNING * * *
The bat closely misses you.
The jackal bites you but does no damage.
You thump the jackal!
You kill the jackal!
The bat hits you but does no damage. The jackal barely misses you.
You block the bat's attack. The jackal barely misses you.
The dart slug launches a dart at you. You block the slug dart.
The jackal attacks as you move away! You block the jackal's attack.
The bat hits you but does no damage. x2; The jackal bites you.
* * * LOW HITPOINT WARNING * * *
You barely miss the jackal. The bat hits you.
You die...

##.†≈....#
#..≈.§...##
#.§†)§§...###
###.≈..§§§#...
#...≈...§...##
###.≈.≈.§§≈≈≈..##
...§..≈h§§§..§...
.≈≈....wh≈b...≈§.
§...§§≈≈§@......≈
.≈≈≈≈.§....≈≈≈≈≈.
....§§...........
#################


You could see a dart slug, 2 jackals and a bat.

Vanquished Creatures
  A ball python (D:1)
  An endoplasm (D:1)
  6 jackals (D:1)
8 creatures vanquished.

Notes
Turn   | Place    | Note
-------+----------+-------------------------------------------
     0 | D:1      | Irreverend the Ogre Fighter began the quest for the Orb.
     0 | D:1      | Reached XP level 1. HP: 24/24 MP: 1/1
    17 | D:1      | Reached XP level 2. HP: 20/32 MP: 2/2
    36 | D:1      | HP: 1/32 [jackal (2)]
    38 | D:1      | Slain by a bat

Illustrated notes

Levels and vault maps discovered:
D:1:      ebering_trefoil_3fold, layout_basic

Skill      XL: |  1 |
---------------+----+-----
Maces & Flails | 2 |  2.1
Fighting       | |  4.2
Dodging        | |  2.8
Shields        | |  3.1

Action                     || total
---------------------------++-------
  Melee: Flail             ||    27
 Armour: Robe              ||    35
  Dodge: Dodged            ||    53
  Block: Kite shield       ||    32
